Map: Tokamak LE

Players

Gerald

  • Race: Protoss Protoss
  • Spawn Location: 1:00

Percival - Winner!

  • Race: Terran Terran
  • Spawn Location: 7:00

VOD

Have the link to the VOD?

Description

Time

  • Played on: Aug. 17, 2025, 5:48 a.m.
  • Length: 8:14
Show
View Real Time Build Order
Export as new Build Order

Gerald Protoss 

Build Orders: 1 Gate Expand, Blink Stalkers 

Get SALT Encoding   

  12  0:00  Probe  
  13  0:12  Probe  
  14  0:17  Pylon  
  14  0:23  Probe  
  15  0:31  Probe  
  15  0:36  Gateway  
  15  0:40  Probe  
  16  0:45  Assimilator  
  17  0:52  Probe  
  18  1:04  Probe  
  19  1:16  Probe  
  20  1:25  Cybernetics Core  
  20  1:28  Probe  
  23  1:35  Nexus  
  21  1:40  Probe  
  21  1:44  Pylon  
  22  1:51  Assimilator  
  22  1:53  Stalker  
  22  1:55  Pylon  
  22  1:59  Probe  
  24  2:09  Warp Gate  
  24  2:11  Stalker  
  24  2:12  Probe  
  25  2:24  Probe  
  28  2:31  Shield Battery  
  28  2:36  Probe  
  29  2:42  Twilight Council  
  28  2:48  Probe  
  28  2:51  Probe  
  30  2:54  Blink  
  30  3:02  Stalker  
  32  3:10  Probe  
  32  3:12  Probe  
  32  3:22  Probe  
  32  3:24  Probe  
  34  3:34  Probe  
  34  3:36  Probe  
  34  3:42  Gateway  
  34  3:45  Shield Battery  
  34  3:46  Probe  
  34  3:47  Gateway  
  34  3:48  Probe  
  36  3:58  Probe  
  36  3:59  Stalker  
  36  4:00  Probe  
  40  4:06  Pylon  
  40  4:10  Probe  
  40  4:12  Probe  
  42  4:23  Probe  
  42  4:24  Probe  
  42  4:25  Stalker  
  43  4:40  Charge, Stalker  
  43  4:43  Nexus  
  43  4:44  Pylon, Probe  
  45  4:53  Probe  
  45  4:56  Stalker, Probe  
  49  5:01  Stalker  
  49  5:05  Probe  
  52  5:10  Shield Battery  
  52  5:14  Gateway  
  52  5:15  Probe  
  52  5:20  Assimilator  
  52  5:21  Probe  
  54  5:25  Assimilator  
  54  5:30  Templar Archives  
  54  5:31  Probe  
  55  5:38  Probe  
  56  5:43  Probe  
  57  5:50  Probe  
  57  5:51  Zealot x2  
  57  5:53  Pylon  
  57  5:54  Probe  
  57  5:55  Probe  
  64  5:57  Psionic Storm  
  64  6:02  Probe  
  65  6:04  Pylon  
  65  6:11  Forge  
  62  6:12  Stalker, Gateway  
  62  6:24  Stalker  
  62  6:27  Probe  
  62  6:30  Probe  
  62  6:31  Stalker  
  60  6:36  Probe  
  60  6:38  Probe x2  
  57  6:45  High Templar x2  
  57  6:46  Probe  
  62  6:48  Probe  
  62  6:52  Probe  
  64  6:54  Probe  
  64  6:58  Zealot x2  
  70  7:02  Probe x2  
  70  7:06  Probe  
  73  7:11  High Templar  
  73  7:12  Probe  
  73  7:14  Probe  
  77  7:18  Probe  
  77  7:20  Probe  
  78  7:26  Probe  
  80  7:30  Probe  
  80  7:32  Zealot x4  
  86  7:49  Zealot  
  60  7:55  Zealot  
  60  7:56  Zealot x3  
  54  8:04  Archon  
Show
View Real Time Build Order
Export as new Build Order

Percival Terran - Winner!

Build Orders:  

Get SALT Encoding   

  12  0:00  SCV  
  13  0:12  SCV  
  14  0:17  Supply Depot  
  14  0:24  SCV  
  15  0:38  SCV  
  15  0:39  Barracks  
  16  0:42  Refinery  
  16  0:50  SCV  
  16  0:53  Refinery  
  17  1:03  SCV  
  18  1:15  SCV  
  19  1:27  Reaper, Orbital Command  
  19  1:29  Supply Depot  
  20  1:42  Factory  
  20  1:53  SCV  
  21  2:00  Reaper  
  22  2:05  SCV  
  23  2:18  Command Center  
  23  2:19  SCV  
  24  2:26  Hellion  
  26  2:31  SCV  
  27  2:38  Barracks Reactor  
  27  2:40  Starport  
  28  2:44  SCV  
  28  2:51  Supply Depot  
  28  2:55  Factory Tech Lab  
  28  3:03  SCV  
  27  3:14  Cyclone, Marine x2  
  27  3:17  Medivac  
  27  3:19  SCV  
  35  3:31  SCV, Orbital Command  
  35  3:33  Marine  
  36  3:35  Marine  
  37  3:44  SCV  
  38  3:51  Marine  
  38  3:52  Refinery  
  38  3:53  Marine  
  38  3:54  Factory Tech Lab  
  40  3:56  SCV x2  
  40  3:58  Banshee  
  40  4:02  Cloaking Field  
  45  4:08  SCV x2  
  47  4:10  Supply Depot  
  47  4:13  Marine  
  47  4:14  Marine  
  49  4:22  Siege Tank  
  49  4:23  SCV x2  
  53  4:33  Supply Depot  
  53  4:35  SCV x2  
  53  4:37  Marine x2  
  56  4:41  Banshee  
  59  4:49  SCV, Barracks  
  59  4:51  SCV, Barracks  
  61  4:55  Bunker  
  61  4:59  Siege Tank  
  64  5:03  SCV x2  
  66  5:08  Supply Depot  
  66  5:09  Marine  
  66  5:10  Marine  
  66  5:14  Engineering Bay  
  68  5:15  SCV  
  68  5:17  SCV  
  68  5:20  Supply Depot  
  70  5:24  Refinery  
  70  5:30  SCV x2  
  70  5:32  Starport Reactor  
  70  5:33  Marine x2  
  72  5:41  Terran Infantry Weapons Level 1  
  72  5:42  SCV x2, Factory Reactor  
  73  5:46  Stimpack  
  73  5:47  Marauder  
  75  5:51  Marine x2  
  75  5:54  SCV x2, Combat Shield  
  75  5:57  Marauder  
  81  6:03  Supply Depot  
  81  6:05  Supply Depot  
  81  6:09  Marine x2  
  83  6:11  Marine  
  83  6:13  Medivac  
  86  6:25  Widow Mine x2, Medivac, Marauder  
  94  6:27  Marine  
  94  6:29  Supply Depot  
  95  6:33  Marine x2, Supply Depot  
  94  6:45  Marauder  
  94  6:47  Marauder  
  98  6:55  Medivac x2  
  98  6:57  Command Center, Supply Depot x2  
  99  7:01  Marine x2  
  99  7:03  Widow Mine x2  
  99  7:08  Marauder  
  107  7:09  Marauder  
  109  7:21  Marine x2  
  109  7:22  Barracks  
  111  7:23  Barracks  
  111  7:28  Concussive Shells  
  111  7:29  Widow Mine x2, Marauder  
  117  7:31  Marauder  
  117  7:35  Medivac  
  121  7:37  Medivac  
  121  7:44  Marine x2  
  122  7:46  SCV x2  
  122  7:51  Marauder  
  126  7:58  SCV x2  
Tags
 
Composition
Blink Stalkers
Matchup
PvT
Player
Gerald
Spawn Locations
Cross Positions
Add a new tag
Caveats
  • Supply blocks, unpowered buildings, or Contaminate may cause inaccurate times.
  • Supply counts are checked every 10 seconds.